 Dungeon Crawl Stone Soup version 0.28-a0-750-g7c675f85b1 (webtiles) character file.

Game seed: 15990180990622246628

928 lawman0 the Slasher (level 7, -1/63 HPs)
             Began as a Deep Dwarf Fighter on Oct 29, 2021.
             Slain by Edmund (6 damage)
             ... on level 6 of the Dungeon.
             The game lasted 00:06:53 (2722 turns).

lawman0 the Slasher (Deep Dwarf Fighter)            Turns: 2722, Time: 00:06:53

Health: -1/63      AC:  7    Str: 21    XL:     7   Next: 85%
Magic:  4/4        EV: 10    Int:  8    God:
Gold:   152        SH:  5    Dex: 13    Spells: 6/6 levels left

rFire   + . .      SeeInvis .   a - +0 long sword
rCold   + . .      Faith    .   c - +0 buckler
rNeg    . . .      Spirit   .   b - +0 scale mail
rPois   .          Reflect  .   (no helmet)
rElec   .          Harm     .   h - scarf {rC+ rF+}
rCorr   .          Rampage  .   (no gloves)
Will    +....                   (no boots)
Stlth   ..........              (no amulet)
HPRegen 0.00/turn               (no ring)
MPRegen 0.09/turn               (no ring)

@: mighty, brilliant, on berserk cooldown, attractive, slowed, very slow
A: damage resistance, heal wounds, sense surroundings 1, no regeneration
a: Heal Wounds


You were on level 6 of the Dungeon.
You visited 1 branch of the dungeon, and saw 6 of its levels.

You collected 152 gold pieces.

Inventory:

Hand Weapons
 a - a +0 long sword (weapon)
Missiles
 i - a throwing net
 r - 4 poisoned darts (quivered)
 t - 2 boomerangs
 x - 34 sling bullets
Armour
 b - a +0 scale mail (worn)
 c - a +0 buckler (worn)
 h - a scarf of resistance (worn)
 y - a +0 kite shield
Jewellery
 n - a +4 ring of evasion
Scrolls
 e - a scroll of fear
 g - a scroll of torment
 k - a scroll of holy word
 l - 2 scrolls of vulnerability
 v - a scroll of enchant armour
Potions
 j - a potion of brilliance
 m - a potion of heal wounds {unknown}
 o - 2 potions of flight
 p - a potion of lignification {unknown}
 q - 2 potions of curing {unknown}
 s - a potion of degeneration {unknown}
 u - 2 potions of berserk rage
 w - a potion of mutation


   Skills:
 + Level 3.8 Fighting
 * Level 7.0 Long Blades
 + Level 5.2 Armour
 + Level 2.2 Dodging
 + Level 0.2 Stealth
 + Level 4.3 Shields


You had 6 spell levels left.
You didn't know any spells.
Your spell library contained the following spells:

 Spells                   Type           Power      Damage    Failure   Level
 Sandblast                Erth           0%         2d4       73%         1
 Ensorcelled Hibernation  Hex/Ice        0%         N/A       86%         2
 Tukima's Dance           Hex            0%         N/A       97%         3


Dungeon Overview and Level Annotations

Branches:
Dungeon (6/15)
 Temple: D:4-7

Altars:
Fedhas

Annotations:
D:6 Edmund


Innate Abilities, Weirdness & Mutations

You are resistant to damage.
You can heal yourself by infusing magical energy.
You passively map a small area around you.
You do not regenerate.


Message History

You are too injured to fight recklessly!
You slash Edmund!
Edmund is moderately wounded.
The orc priest begins to cast a cantrip, but forgets the words!
Edmund hits you with a +2 vorpal flail.
You are too injured to fight recklessly!
Unknown command.
You hit Edmund.
Edmund is moderately wounded.
You are too injured to fight recklessly!
You are too injured to fight recklessly!
You slash Edmund!
Edmund is heavily wounded.
You are no longer berserk.
You are exhausted.
You feel yourself slow down. Edmund closely misses you.
Unknown command.
You are too injured to fight recklessly!
You completely miss Edmund.
Edmund is heavily wounded.
Edmund hits you with a +2 vorpal flail!
The orc priest looks satisfied for a moment.
You are too injured to fight recklessly!
Unknown command.
You are too injured to fight recklessly!
You closely miss Edmund.
Edmund is heavily wounded.
Edmund hits you with a +2 vorpal flail. Edmund hits you with a +2 vorpal flail!
* * * LOW HITPOINT WARNING * * *
x2 You are too injured to fight recklessly!
You slash Edmund!
Edmund is heavily wounded.
Edmund hits you with a +2 vorpal flail.
* * * LOW HITPOINT WARNING * * *
Unknown command.
You are too injured to fight recklessly!
You slash Edmund!
Edmund is almost dead.
Edmund hits you with a +2 vorpal flail!
You die...

.#.# .#.######
........########
>..............##
.#.........###..#
.#.##..###.####.##
.#.......#...##..#######
* *
.......................(
, ,
.#####..)#<..###@#####.#
..)<...####### #@# *
##.##########*


#oo *,*** #........... oO?. ,, ############ ,..(## * .....* * ...#. , * ....#.#
, , You could see Edmund, an ogre, an orc priest and 2 orcs.

Vanquished Creatures
  Prince Ribbit (D:5)
  Duvessa (D:6)
  A sky beast (D:3)
  A centaur (D:4)
  A phantom (D:4)
  Dowan (D:6)
  2 jellies
  An iguana (D:4)
  3 orc wizards
  A hound skeleton (D:4)
  6 adders
  A shadow imp (D:6)
  An adder skeleton (D:4)
  2 worms (D:2)
  2 dart slugs
  11 orcs
  3 ball pythons
  9 endoplasms
  4 giant cockroaches
  2 goblins (D:1)
  12 hobgoblins
  4 quokkas
  2 bats
  A frilled lizard (D:2)
  10 kobolds
  4 rats
87 creatures vanquished.

Vanquished Creatures (others)
  23 fungi
  A plant (D:2)
24 creatures vanquished.

Grand Total: 111 creatures vanquished

Notes
Turn   | Place    | Note
-------+----------+-------------------------------------------
     0 | D:1      | lawman0 the Deep Dwarf Fighter began the quest for the Orb.
     0 | D:1      | Reached XP level 1. HP: 20/20 MP: 1/1
   232 | D:1      | Reached XP level 2. HP: 27/27 MP: 2/2
   733 | D:1      | Reached XP level 3. HP: 29/33 MP: 3/3
   744 | D:2      | Reached skill level 3 in Long Blades
   834 | D:2      | Found a faded altar of an unknown god.
   843 | D:2      | Got Plato's Guide on Clay
  1149 | D:3      | Reached XP level 4. HP: 40/42 MP: 4/4
  1487 | D:3      | Reached skill level 4 in Long Blades
  1567 | D:3      | Noticed a sky beast
  1592 | D:3      | Killed a sky beast
  1593 | D:3      | Reached XP level 5. HP: 20/49 MP: 5/5
  1611 | D:3      | Found a blossoming altar of Fedhas.
  1838 | D:4      | Reached skill level 5 in Long Blades
  1838 | D:4      | Reached skill level 1 in Dodging
  2130 | D:4      | Reached XP level 6. HP: 50/56 MP: 4/4
  2497 | D:5      | Entered Level 5 of the Dungeon
  2514 | D:5      | Reached XP level 7. HP: 62/62 MP: 5/5
  2517 | D:5      | Identified the +4 leather armour of Shadows and Fog {Harm
                  | rN++ Int+7}
  2603 | D:6      | Noticed Prince Ribbit
  2606 | D:6      | Noticed Duvessa
  2608 | D:6      | Noticed Dowan
  2629 | D:5      | Killed Prince Ribbit
  2630 | D:5      | Reached skill level 6 in Long Blades
  2642 | D:6      | Killed Duvessa
  2643 | D:6      | Reached skill level 5 in Armour
  2655 | D:6      | Killed Dowan
  2700 | D:6      | Noticed Edmund
  2710 | D:6      | Reached skill level 7 in Long Blades
  2722 | D:6      | Slain by Edmund

Illustrated notes

Levels and vault maps discovered:
D:1:      lemuel_arrival_muddy, layout_loops_ring
D:2:      layout_rooms, shapermc_ecumenical_altar_rom_forum
D:3:      layout_basic, mainiacjoe_overflow_cross_hatched,
          guppyfry_early_lair_pool
D:4:      layout_gridville
D:5:      layout_basic
D:6:      minmay_spotlight, layout_basic, minmay_temple_entry_overgrown,
          uniq_eustachio, uniq_duvessa, uniq_edmund, uniq_prince_ribbit1

Skill      XL: |  1  2  3  4  5  6  7 |
---------------+----------------------+-----
Long Blades    | 3 4 5 7 |  7.0
Fighting       | 3 |  3.8
Armour         | 4 5 |  5.2
Dodging        | 1 2 |  2.2
Shields        | 4 |  4.3
Stealth        | |  0.2

Action                   |  1- 3 |  4- 6 |  7- 9 || total
-------------------------+-------+-------+-------++-------
Melee: Long sword        |   118 |   165 |    39 ||   322
Throw: Dart              |       |    16 |    10 ||    26
       Boomerang         |       |     8 |    14 ||    22
 Abil: Heal Wounds       |     1 |     5 |     2 ||     8
  Use: Scroll            |       |     7 |     3 ||    10
       Potion            |       |       |     5 ||     5
Armor: Scale mail        |    46 |    69 |    10 ||   125
Dodge: Dodged            |    44 |    75 |    12 ||   131
Block: Buckler           |    31 |    47 |     5 ||    83

Table legend: (Time is in decaauts)
 A = Elapsed time spent in this place.
 B = Non-inter-level travel time spent in this place.
 C = Inter-level travel time spent in this place.
 D = Time resting spent in this place.
 E = Time spent auto-exploring this place.
 F = Levels seen in this place.
 G = Mean time per level.
                   A        B        C        D        E       F      G
               +--------+--------+--------+--------+--------+-----+--------+
         Total |   2792 |   2715 |     77 |      0 |   1829 |   6 |  465.3 |
       Dungeon |   2792 |   2715 |     77 |      0 |   1829 |   6 |  465.3 |
               +--------+--------+--------+--------+--------+-----+--------+

Top non-repeatable levels by time:
     D:1: 761 daAuts
     D:3: 716 daAuts
     D:4: 693 daAuts
     D:2: 392 daAuts
     D:6: 122 daAuts
     D:5: 107 daAuts
